[Event "Early-Titled-Tuesday-Blitz-September-26-2023"]
[Site "Chess.com"]
[Date "2023.09.26"]
[Round "5"]
[White "DefiantChair"]
[Black "Aleksandar-Topalov"]
[Result "1-0"]
[WhiteElo "2578"]
[BlackElo "2388"]
[TimeControl "180+1"]
[EndTime "8:58:34 PDT"]
[Termination "DefiantChair won by checkmate"]

1. e4 e6 2. d4 d5 3. Nd2 Nf6 4. e5 Ng8 5. Bd3 Ne7 6. f4 h5 7. Ne2 g6 8. O-O Qd7 9. b3 b6 10. c4 dxc4 11. bxc4 Bb7 12. Bb2 Nf5 13. Ne4 Be7 14.
Qd2 Nc6 15. Bc2 O-O-O 16. Rad1 Nb4 17. Bb1 c5 18. a3 Nc6 19. d5 Na5 20. d6 Bf8 21. Nf6 Qa4 22. Bc2 Qxc4 23. Bxf5 gxf5 24. Rc1 Qa4 25. Nc3 Qc6 26. Qe2 Bg7 27. d7+ Kb8 28.
Ne8 Bf8 29. Nf6 Be7 30. Nb5 a6 31. Nd6 Bxf6 32. exf6 Rxd7 33. Rfd1 Rg8 34. Rc2 Ba8 35. Be5 Ka7 36. Rcd2 Rxd6 37. Bxd6 Nc4 38. Qxc4 Rxg2+ 39. Kf1 Rxd2 40. Rxd2 Qh1+ 41. Ke2 Qxh2+ 42. Kd3 Be4+ 43. Kc3 Qxf4 44. Bxf4 Kb7 45. Rd7+ Kc6 46. Rxf7 b5 47. Qxe6# 1-0

[Event "Early-Titled-Tuesday-Blitz-September-26-2023"]
[Site "Chess.com"]
[Date "2023.09.26"]
[Round "5"]
[White "ChessQueen"]
[Black "JoliyRoger"]
[Result "1-0"]
[WhiteElo "2728"]
[BlackElo "2501"]
[TimeControl "180+1"]
[EndTime "8:58:36 PDT"]
[Termination "ChessQueen won on time"]

1. e4 c6 2. Nc3 d5 3. Nf3 Nf6 4. e5 Ne4 5. d4 Nxc3 6. bxc3 Bg4 7. Be2 e6 8. O-O Nd7 9. c4 Be7 10. Rb1 Qc7 11. cxd5 cxd5 12. Bd2 O-O 13. Bd3 Bh5 14.
Rb3 Rfc8 15. Qb1 Rab8 16. Rc1 Bg6 17. h4 a6 18. g4 b5 19. Kg2 Qc6 20. Bxg6 fxg6 21.
h5 gxh5 22. gxh5 Rf8 23. Rh1 Rf5 24. Rh3 Nb6 25. Rd3 Nc4 26. Bc1 Rbf8 27. c3 Kh8 28. Qc2 a5 29. Qe2 b4 30. Rg3 bxc3 31. Rxc3 Qb6 32.
Qd3 Bb4 33. Rb3 Qd8 34. h6 g6 35. a3 Be7 36. Rb7 R5f7 37. a4 Bb4 38. Rxf7 Rxf7 39.
Ng5 Re7 40. Qf3 Qe8 41. Qf6+ Kg8 42. Nxe6 Qf7 43. Qxf7+ Kxf7 44. Nf4 Kg8 45. Nxd5 Re8 46. Nf6+ 1-0

[Event "Early-Titled-Tuesday-Blitz-September-26-2023"]
[Site "Chess.com"]
[Date "2023.09.26"]
[Round "5"]
[White "Sanan_Sjugirov"]
[Black "KaydenTroffChess"]
[Result "0-1"]
[WhiteElo "2975"]
[BlackElo "2766"]
[TimeControl "180+1"]
[EndTime "8:58:37 PDT"]
[Termination "KaydenTroffChess won on time"]

1. e4 c5 2. Nf3 g6 3. d4 cxd4 4.
Nxd4 Bg7 5. c4 Qb6 6. Nb3 a5 7.
Be3 Qb4+ 8. Bd2 Qd6 9. Bc3 Qxd1+ 10. Kxd1 Bxc3 11. Nxc3 Nc6 12. Nd5 Ra7 13. Nc5 d6 14.
Na4 Be6 15. Kd2 Nf6 16. Nxf6+ exf6 17. Be2 Ke7 18. Rhd1 f5 19. exf5 Bxf5 20. Re1 Kf6 21. Rad1 Rd8 22. Kc3 b5 23. cxb5 Nb4 24. b6 Re7 25.
Bc4 Rxe1 26. Rxe1 d5 27. Bb3 Nd3 28. Rf1 d4+ 29. Kd2 Ne5 30. Rc1 d3 31. f3 Nd7 32.
Rc6+ Kg5 33. Nc5 Nb8 34. Rc7 Re8 35. Nxd3 Na6 36. Bc4 Nxc7 37. bxc7 Rc8 38. Ne5 Rxc7 39. Nxf7+ Kf6 40. Bb3 a4 41. Bd5 Rd7 42. Ke3 Rxd5 43. Nh6 Rd3+ 0-1

[Event "Early-Titled-Tuesday-Blitz-September-26-2023"]
[Site "Chess.com"]
[Date "2023.09.26"]
[Round "5"]
[White "Rozhkov_V"]
[Black "MKlose11"]
[Result "0-1"]
[WhiteElo "2410"]
[BlackElo "2614"]
[TimeControl "180+1"]
[EndTime "8:58:38 PDT"]
[Termination "MKlose11 won by resignation"]

1. e4 e6 2. d4 d5 3. e5 c5 4. c3 Nc6 5. Nf3 Qb6 6. a3 f6 7. b4 cxd4 8. cxd4 fxe5 9. Nxe5 Qxd4 10. Qxd4 Nxd4 11. Ra2 Bd6 12. Nd3 Nf6 13. Bb2 Nc6 14.
Be2 O-O 15. O-O a6 16. Nc3 e5 17. Nc5 b6 18. N5a4 Be6 19. Raa1 d4 20. Nb1 b5 21.
Nc5 Bd5 22. Nd2 e4 23. Ndb3 d3 24. Bd1 Be5 25. Bxe5 Nxe5 26. Nd4 Nc4 27. Bb3 Rfd8 28. f3 e3 29. Nxd3 Nd2 30. Nc5 Bxb3 31. Ndxb3 Nxf1 32. Kxf1 Rd6 33. Ke2 Re8 34. Rc1 h5 35. Nb7 Rd7 36. N7c5 Rd6 37. Nb7 Rb6 38. Rc7 Nd5 39. Rd7 Nf4+ 40.
Ke1 Nxg2+ 41. Ke2 Nf4+ 42. Ke1 e2 43. Rd8 Ng2+ 44. Kf2 e1=Q+ 45. Kxg2 Rg6+ 46. Kh3 Qe6+ 0-1

[Event "Early-Titled-Tuesday-Blitz-September-26-2023"]
[Site "Chess.com"]
[Date "2023.09.26"]
[Round "5"]
[White "Iball95"]
[Black "Krakozia"]
[Result "0-1"]
[WhiteElo "2780"]
[BlackElo "3028"]
[TimeControl "180+1"]
[EndTime "8:58:39 PDT"]
[Termination "Krakozia won by checkmate"]

1. e4 c5 2. Nf3 d6 3. Nc3 a6 4. d4 cxd4 5. Qxd4 Nc6 6. Qd3 Nf6 7. Nd5 Nd7 8. Be2 e6 9. Nc3 Nc5 10. Qd1 b5 11. a3 Bb7 12. O-O Be7 13. Bf4 O-O 14. b4 Nd7 15. Bxd6 Rc8 16. Bxe7 Qxe7 17. Qd2 Nce5 18. Nxe5 Nxe5 19. f4 Nc4 20. Bxc4 Rxc4 21. Rae1 Rfc8 22. Re3 Qc7 23. Rff3 f5 24. Rg3 fxe4 25.
h3 Qxf4 26. Qd7 Qf7 27. Qd6 h6 28. Qe5 Kh7 29. Nxe4 Rxc2 30. Nd6 Qf2+ 31. Kh2 Qxg2+ 32. Rxg2 Rxg2+ 33. Kh1 Rc1+ 34. Re1 Rxe1+ 35. Qxe1 Re2+ 36. Nxb7 Rxe1+ 37. Kg2 Re3 38. Nc5 Rxa3 39. Nxe6 a5 40. Nf8+ Kg8 41. Ng6 axb4 42. Ne7+ Kh7 43. Nd5 b3 44.
Nc3 b2 45. Nb1 Ra1 46. Kg3 Rxb1 47. Kg4 Rc1 48. h4 b1=Q 49. Kh5 Qf5# 0-1

[Event "Early-Titled-Tuesday-Blitz-September-26-2023"]
[Site "Chess.com"]
[Date "2023.09.26"]
[Round "5"]
[White "Evgeny81"]
[Black "BigAl"]
[Result "1-0"]
[WhiteElo "2758"]
[BlackElo "2558"]
[TimeControl "180+1"]
[EndTime "8:58:39 PDT"]
[Termination "Evgeny81 won on time"]

1. e4 g6 2. d4 Bg7 3. c4 d6 4.
Nc3 Nf6 5. Nf3 O-O 6. Be2 Bg4 7. Ng1 Bc8 8. Nf3 Bg4 9. Be3 Nbd7 10. Ng1 e5 11. d5 Bxe2 12. Qxe2 Nh5 13. g3 a5 14.
O-O-O Nc5 15. Kb1 Qe8 16. Nf3 a4 17. h4 a3 18. b3 h6 19. Nd2 f5 20. Bxc5 dxc5 21.
Nb5 Qf7 22. Rhf1 Kh8 23. Kc2 Rae8 24. Nxa3 Ra8 25. Kb2 c6 26. Nab1 b5 27. dxc6 b4 28. a4 bxa3+ 29. Ka2 Qf6 30. Nc3 Qxc6 31. Nd5 Rfb8 32. exf5 e4 33. fxg6 Qxg6 34. Qxe4 Qf7 35. Rde1 Re8 36. Qf3 Qg6 37. Re4 Rf8 38. Qe2 Rad8 39. Re1 Rxd5 40. cxd5 Qf6 41. Nc4 Qc3 42. Qd2 Qf3 43. Re8 Qf6 44. Rxf8+ Qxf8 45. d6 1-0

[Event "Early-Titled-Tuesday-Blitz-September-26-2023"]
[Site "Chess.com"]
[Date "2023.09.26"]
[Round "5"]
[White "Haykoooo0o"]
[Black "Roman_Ovetchkin"]
[Result "0-1"]
[WhiteElo "2477"]
[BlackElo "2694"]
[TimeControl "180+1"]
[EndTime "8:58:39 PDT"]
[Termination "Roman_Ovetchkin won by resignation"]

1. d4 Nf6 2. Nf3 c5 3. c3 b6 4. Bf4 Bb7 5. e3 d6 6. h3 g6 7.
Be2 Bg7 8. O-O O-O 9. Bh2 Nbd7 10. Nbd2 a6 11. Ne1 b5 12. Bf3 Qb6 13. Bxb7 Qxb7 14. Nef3 Rfc8 15. Re1 Ne4 16. Qb3 Nxd2 17. Nxd2 Nb6 18. Nf3 Qd5 19. Qd1 cxd4 20. exd4 Ra7 21. Qe2 Na4 22. a3 Rac7 23. Rab1 Bh6 24. Bg3 Nb6 25. Qe4 Qxe4 26. Rxe4 Nd5 27. Rbe1 Rc6 28. Rxe7 Nxe7 29. Rxe7 Bf8 30. Rd7 Re8 31. Kf1 a5 32. Rb7 b4 33. axb4 axb4 34. Rxb4 Ra6 35. Kg1 Raa8 36.
Rb6 Reb8 37. Rxb8 Rxb8 38. b3 Rxb3 39. c4 Rb4 40. Nd2 f5 41. Kf1 Kf7 42. Ke2 Ke6 43.
Kd3 Bh6 44. d5+ Kd7 45. Nf3 Bg7 46. Bf4 Rb3+ 47. Ke2 Rc3 48. Nd2 Bd4 49. h4 Bc5 50. g3 Kc7 51. Nb1 Rxc4 52. Nd2 Rd4 53. Nb3 Rxd5 54.
Kf3 Rd3+ 55. Ke2 Rxb3 0-1

[Event "Early-Titled-Tuesday-Blitz-September-26-2023"]
[Site "Chess.com"]
[Date "2023.09.26"]
[Round "5"]
[White "goodluck06"]
[Black "BogdanDeac"]
[Result "0-1"]
[WhiteElo "2664"]
[BlackElo "2963"]
[TimeControl "180+1"]
[EndTime "8:58:41 PDT"]
[Termination "BogdanDeac won by resignation"]

1. e4 c6 2. d4 d5 3. e5 Bf5 4. h4 h5 5. Bd3 Bxd3 6. Qxd3 e6 7.
Nf3 Nh6 8. Bg5 Be7 9. Nbd2 Nf5 10. Nf1 c5 11. Ng3 Nxd4 12. Nxd4 cxd4 13. Qb5+ Nc6 14.
Qxb7 Qc8 15. Qxc8+ Rxc8 16. O-O-O Bc5 17. f4 Bb6 18. a3 Kd7 19. Rhe1 Bc7 20. Ne2 Rcf8 21.
Nxd4 Nxd4 22. Rxd4 Bb6 23. Rd3 f6 24. exf6 gxf6 25.
f5 fxg5 26. fxe6+ Kc6 27. hxg5 Rhg8 28. Rf3 Re8 29. Rf5 d4 30. b4 Kd6 31. Rfe5 Re7 32. Kd2 Rg6 33. Kd3 Rgxe6 34. Rxe6+ Rxe6 35. Rxe6+ Kxe6 36. a4 Kd5 37. a5 Bd8 38. g6 Bf6 39. b5 Kc5 40. b6 axb6 41. a6 Kc6 42. Ke4 b5 43. Kf5 Bh8 44. Ke6 b4 45. Kf7 b3 0-1

[Event "Early-Titled-Tuesday-Blitz-September-26-2023"]
[Site "Chess.com"]
[Date "2023.09.26"]
[Round "5"]
[White "ATM622"]
[Black "Fore_Man"]
[Result "0-1"]
[WhiteElo "2410"]
[BlackElo "2298"]
[TimeControl "180+1"]
[EndTime "8:58:43 PDT"]
[Termination "Fore_Man won on time"]

1. d4 Nf6 2. c4 e6 3. g3 d5 4. Bg2 Bb4+ 5. Nd2 O-O 6. Qc2 c6 7. Nf3 b6 8. O-O Bb7 9. e4 dxe4 10. Nxe4 Nxe4 11. Qxe4 Nd7 12. a3 Nf6 13. Qc2 Be7 14.
Rd1 Qc8 15. c5 Nd5 16. b4 a5 17. Bd2 h6 18. Ne5 axb4 19. axb4 bxc5 20. bxc5 Bf6 21. Nc4 Ba6 22. Bxd5 exd5 23. Nb6 Qh3 24. Nxa8 Rxa8 25. Be3 Qc8 26. Ra3 Bb5 27. Rda1 Rxa3 28. Rxa3 g6 29. Ra7 Qh3 30. Ra1 Kg7 31. Rb1 Bc4 32. Qd2 g5 33. Rc1 Bb5 34. Rb1 Bc4 35.
Qd1 Qf5 36. Rb7 g4 37. Bf4 Bd3 38. Qd2 Qe4 39. Qe3 Qf5 40. Bxh6+ Kg6 41. Bf4 Bc4 42. Qe8 Bxd4 43. Qg8+ Bg7 44. Qe8 Qd3 0-1

[Event "Early-Titled-Tuesday-Blitz-September-26-2023"]
[Site "Chess.com"]
[Date "2023.09.26"]
[Round "5"]
[White "Yuruultei"]
[Black "Shockerlover"]
[Result "1-0"]
[WhiteElo "2277"]
[BlackElo "1985"]
[TimeControl "180+1"]
[EndTime "8:58:43 PDT"]
[Termination "Yuruultei won on time"]

1. d4 Nf6 2. c4 d6 3. Nf3 g6 4. Nc3 Bg7 5. e4 O-O 6. Be2 Nbd7 7. Be3 Ng4 8. Bg5 c5 9. O-O cxd4 10. Nxd4 Nde5 11.
Rc1 Nf6 12. f3 Bd7 13. Be3 Rc8 14. b3 a6 15. Nd5 e6 16. Nc3 Nc6 17. Nxc6 Bxc6 18. Qd2 Qc7 19. Rfd1 Rfd8 20. Bf4 Ne8 21. Nd5 exd5 22. cxd5 Qb6+ 23. Be3 Qc7 24. dxc6 bxc6 25. Bxa6 Ra8 26. Bc4 Qe7 27. Bf4 d5 28. exd5 cxd5 29. Bxd5 Ra7 30. Qf2 Rad7 31. Rc5 Nf6 32. Bg5 h6 33. Bxf6 Qxf6 34. Ra5 Qd6 35. Bxf7+ Kf8 36. Rxd6 Rxd6 37. Rd5 Kxf7 38. Rxd6 Rxd6 39. Qc2 Bd4+ 40. Kf1 Bb6 41. Qc4+ Re6 42. a4 Kf6 43. b4 Be3 44.
a5 1-0

[Event "Early-Titled-Tuesday-Blitz-September-26-2023"]
[Site "Chess.com"]
[Date "2023.09.26"]
[Round "5"]
[White "Korchmar_Vasiliy"]
[Black "LangesNasenhaar"]
[Result "1-0"]
[WhiteElo "2698"]
[BlackElo "2487"]
[TimeControl "180+1"]
[EndTime "8:58:44 PDT"]
[Termination "Korchmar_Vasiliy won by resignation"]

1. e4 g6 2. d4 Bg7 3. Nf3 c6 4. Bd3 d5 5. e5 Bg4 6. Nbd2 c5 7. dxc5 Nc6 8. O-O Nxe5 9. Bb5+ Nc6 10. h3 Bd7 11. c4 d4 12. Nb3 e5 13. Re1 Nge7 14.
Bxc6 Nxc6 15. Nbxd4 Nxd4 16. Qxd4 O-O 17. Nxe5 Be6 18.
Qd6 Qh4 19. c6 Rad8 20. Qc5 bxc6 21. Nxc6 Rd7 22. Ne5 Rdd8 23. Be3 Rc8 24. Qa5 Bxc4 25. Nxc4 Rxc4 26. Qxa7 Bxb2 27. Rab1 Bc3 28. Rec1 Rfc8 29. Qa6 R4c6 30. Qb5 Qf6 31. a4 Be5 32. Rxc6 Rxc6 33. a5 Kg7 34. Qb3 Bd4 35. Bxd4 Qxd4 36. Qa2 Ra6 37. Qa1 Qxa1 38. Rxa1 Kf6 39. g4 Ke5 40. Kg2 Kd5 41. Kg3 Kc5 42. Kf4 f6 43. h4 Kc6 44. g5 Kb7 45. gxf6 Rd6 46. Kg5 Rxf6 47. Kxf6 Ka6 48. Kg7 1-0

[Event "Early-Titled-Tuesday-Blitz-September-26-2023"]
[Site "Chess.com"]
[Date "2023.09.26"]
[Round "5"]
[White "Maus7"]
[Black "Austen48"]
[Result "1-0"]
[WhiteElo "2488"]
[BlackElo "2303"]
[TimeControl "180+1"]
[EndTime "8:58:46 PDT"]
[Termination "Maus7 won by resignation"]

1. e4 c5 2. Nf3 e6 3. d4 cxd4 4.
Nxd4 a6 5. Nc3 Qc7 6. Qf3 b5 7.
Bf4 d6 8. O-O-O Bb7 9. Bxb5+ axb5 10. Ndxb5 Qa5 11. Bxd6 Na6 12. Bxf8 Kxf8 13. Rd7 Nf6 14. Rxb7 Nc5 15. Rc7 Na6 16. Rc4 Rb8 17. Rd1 Nb4 18. a3 Na6 19. g4 h6 20. Rc6 Kg8 21. b4 Rxb5 22. bxa5 Rxa5 23. Rc8+ Kh7 24. Rxh8+ Kxh8 25. h4 Kh7 26. g5 hxg5 27. hxg5 Rxg5 28. Ne2 Nc5 29. Nf4 Ncxe4 30. Qh3+ Nh5 31. Nxh5 Kg6 32.
Nf4+ Kf6 33. Nh5+ Kg6 34. Ng3 Nxf2 35. Qh2 Nxd1 36. Kxd1 e5 37. Kc1 f6 38. Qf2 Kf7 39. Ne2 Kg6 40. Qe3 Kf7 41. a4 Rg4 42. a5 Ra4 43.
Qb6 Kg6 44. a6 Ra1+ 45. Kb2 Re1 46. a7 Rxe2 47. a8=Q 1-0

[Event "Early-Titled-Tuesday-Blitz-September-26-2023"]
[Site "Chess.com"]
[Date "2023.09.26"]
[Round "5"]
[White "TimofeevAr"]
[Black "Aariow"]
[Result "1-0"]
[WhiteElo "2877"]
[BlackElo "2625"]
[TimeControl "180+1"]
[EndTime "8:58:47 PDT"]
[Termination "TimofeevAr won by resignation"]

1. c4 e6 2. Nf3 d5 3. e3 Nf6 4. b3 Be7 5. Bb2 O-O 6. d4 b6 7.
Bd3 Bb7 8. O-O c5 9. dxc5 bxc5 10. Qe2 Nc6 11. cxd5 exd5 12. Rd1 Qc8 13. Nc3 d4 14. Ne4 Nxe4 15. Bxe4 dxe3 16. Qxe3 Qe6 17. Re1 Rfe8 18.
Qf4 Qh6 19. Qxh6 gxh6 20. Rad1 Bf8 21. Ne5 Na5 22. Nd7 Bg7 23. Bxg7 Kxg7 24. Nxc5 Bxe4 25. Nxe4 Nc6 26. Kf1 Nb4 27. Rd2 Re6 28. a3 Na6 29. b4 Rae8 30. Rde2 Nc7 31. Nc3 Rxe2 32. Rxe2 Rd8 33.
Re3 Ne6 34. g3 Rc8 35. Ke2 Nd4+ 36. Kd3 Ne6 37. Re1 Rd8+ 38. Kc4 Rc8+ 39. Kd3 Rd8+ 40. Ke3 Rc8 41. Nd5 Rc4 42. Rd1 a5 43. b5 Rc5 44.
a4 Rc4 45. Nb6 Rb4 46. Rd5 Kf6 47. f4 Rb3+ 48. Rd3 Rb4 49. Nd5+ 1-0

[Event "Early-Titled-Tuesday-Blitz-September-26-2023"]
[Site "Chess.com"]
[Date "2023.09.26"]
[Round "5"]
[White "Rainbow2014"]
[Black "Goryachkina"]
[Result "0-1"]
[WhiteElo "2379"]
[BlackElo "2688"]
[TimeControl "180+1"]
[EndTime "8:58:48 PDT"]
[Termination "Goryachkina won by resignation"]

1. e4 c6 2. d4 d5 3. Nd2 dxe4 4. Nxe4 Nf6 5. Nxf6+ exf6 6. c3 Bf5 7. Bd3 Bxd3 8.
Qxd3 Bd6 9. Ne2 O-O 10. Bf4 Re8 11. Bxd6 Qxd6 12. O-O Nd7 13. Ng3 Nf8 14. Rfe1 Ng6 15. Nf5 Qd7 16. g3 Ne5 17. Qe4 Ng6 18. Qg4 Qd5 19.
h4 h5 20. Qxh5 Re4 21. c4 Rxe1+ 22. Rxe1 Qxc4 23. Qg4 Qb4 24. Re7 Rd8 25. h5 Qxe7 26. Nxe7+ Nxe7 27. h6 g6 28. Qh4 Nd5 29. g4 Kh7 30. g5 fxg5 31. Qxg5 Re8 32. a3 f6 33.
Qh4 Re7 34. Kg2 g5 35. Qh2 Kg6 36. Kf3 Nf4 37. Qh1 Rh7 38. Qb1+ Kxh6 39. Qf5 Rf7 40. Qc8 Kg7 41. Qb8 a6 42. b4 Nd5 43. Kg4 Re7 44. Qc8 Re4+ 45. Kf5 Ne7+ 46. Kxe4 Nxc8 47. d5 Kf7 48. dxc6 bxc6 49. Kd4 Ke6 50. Kc5 Kd7 51.
a4 f5 52. Kd4 Kd6 53. f3 Ne7 0-1

[Event "Early-Titled-Tuesday-Blitz-September-26-2023"]
[Site "Chess.com"]
[Date "2023.09.26"]
[Round "5"]
[White "Fleetw00dMac"]
[Black "Ermito2020"]
[Result "1-0"]
[WhiteElo "2495"]
[BlackElo "2638"]
[TimeControl "180+1"]
[EndTime "8:58:49 PDT"]
[Termination "Fleetw00dMac won on time"]

1. d4 Nf6 2. c4 g6 3. Nc3 Bg7 4. e4 d6 5. Nf3 O-O 6. Be2 Bg4 7.
Be3 Nc6 8. d5 Bxf3 9. Bxf3 Ne5 10. Be2 c6 11. O-O cxd5 12. cxd5 a6 13. f4 Ned7 14. Rc1 Rc8 15. Qd2 b5 16. Bf3 Nc5 17.
b4 Ncd7 18. a4 Nb6 19. axb5 Nc4 20. Qe2 Nxe3 21. Qxe3 axb5 22. Nxb5 Rb8 23. Na7 Qd7 24. Nc6 Ra8 25. e5 Ng4 26. Qe2 Nh6 27. g4 Kh8 28. h3 Ra3 29. Kg2 Qb7 30. Rf2 Rfa8 31. Be4 Rb3 32. g5 Nf5 33. Bxf5 gxf5 34. exd6 exd6 35. Qe7 Rxb4 36. Qxb7 Rxb7 37. Re2 h6 38. h4 Kh7 39. Ne7 Re8 40. Rce1 Bc3 41. Nxf5 Rxe2+ 42. Rxe2 hxg5 43.
hxg5 Bb4 44. Kf3 Ra7 45. Kg4 Ra1 46. Rh2+ Kg8 47. Rb2 Bc5 48. Rb8+ Kh7 49. Nh6 Ra4 50. Rf8 Be3 51. Rxf7+ Kh8 52. g6 1-0

[Event "Early-Titled-Tuesday-Blitz-September-26-2023"]
[Site "Chess.com"]
[Date "2023.09.26"]
[Round "5"]
[White "cristiano78"]
[Black "Mikhail_Golubev"]
[Result "1/2-1/2"]
[WhiteElo "2263"]
[BlackElo "2588"]
[TimeControl "180+1"]
[EndTime "8:58:51 PDT"]
[Termination "Game drawn by repetition"]

1. d4 Nf6 2. c4 g6 3. Nf3 Bg7 4. Nc3 O-O 5. e4 d6 6. Be2 e5 7. O-O h6 8. h3 exd4 9. Nxd4 Re8 10. Bf3 Nbd7 11. Bf4 Nc5 12. Re1 Ne6 13. Nxe6 Bxe6 14. b3 Nd7 15. Rc1 g5 16. Bg3 Ne5 17. Be2 c6 18.
Qd2 Qe7 19. f4 gxf4 20. Bxf4 Kh7 21. Kh2 Rad8 22. Rf1 a6 23. Rf2 b5 24. cxb5 axb5 25. Rcf1 b4 26. Nd1 d5 27. exd5 Rxd5 28. Qc2+ Kg8 29.
Ne3 Rc5 30. Nc4 Nxc4 31. Bxc4 Bxc4 32. bxc4 Qe6 33. Bg3 Rxc4 34. Qa4 Re7 35. Rf3 Qe4 36. Qa8+ Kh7 37. Re1 Qxe1 38. Bxe1 Rxe1 39. Rxf7 Kg6 40.
Rf3 Be5+ 41. Rg3+ Bxg3+ 42. Kxg3 Re3+ 43. Kh2 Rec3 44. Qe8+ Kf6 45. Qh5 Kg7 46. Qe5+ Kg6 47. Qe6+ Kg7 48. Qe7+ Kg6 49. Qe6+ Kg7 50. Qe7+ Kg6 51.
Qe6+ 1/2-1/2

[Event "Early-Titled-Tuesday-Blitz-September-26-2023"]
[Site "Chess.com"]
[Date "2023.09.26"]
[Round "5"]
[White "Emp3rador"]
[Black "Dewarfd"]
[Result "1-0"]
[WhiteElo "2527"]
[BlackElo "2144"]
[TimeControl "180+1"]
[EndTime "8:58:53 PDT"]
[Termination "Emp3rador won on time"]

1. e4 e5 2. Nf3 Nc6 3. d4 exd4 4. Nxd4 Nf6 5. Nc3 Bb4 6. Nxc6 bxc6 7. Bd3 O-O 8. O-O d5 9. exd5 cxd5 10. Bg5 Bb7 11.
Bxf6 Qxf6 12. Qh5 g6 13. Nxd5 Qd6 14. Qg4 Qxd5 15. f3 Bc5+ 16. Kh1 Bc8 17. Qa4 Qd4 18. Qxd4 Bxd4 19. c3 Bg7 20. Rab1 Rb8 21. Be4 Bb7 22.
Bxb7 Rxb7 23. Rfc1 Rfb8 24. Rc2 c5 25. g3 c4 26. Kg2 Rd7 27. f4 Rbd8 28. Re1 Rd2+ 29. Re2 Rxc2 30. Rxc2 Bf8 31. Kf3 Bc5 32. Ke4 Rd1 33. b3 cxb3 34. axb3 a5 35. Ra2 Bb6 36. c4 Kg7 37. Rc2 Bc5 38. Ra2 Bb4 39. Rc2 Rd6 40. c5 Rc6 41. Kd5 Rc8 42. c6 Kf6 43. c7 Ke7 44. Kc6 f5 45. Re2+ Kf6 46. Kd7 Rxc7+ 47.
Kxc7 g5 48. fxg5+ Kxg5 49. Kd7 h5 50. Ke6 f4 51. Re4 f3 52. Rf4 1-0

[Event "Early-Titled-Tuesday-Blitz-September-26-2023"]
[Site "Chess.com"]
[Date "2023.09.26"]
[Round "5"]
[White "Cheer_Down"]
[Black "Irina_Mikhaylova"]
[Result "1-0"]
[WhiteElo "2467"]
[BlackElo "2289"]
[TimeControl "180+1"]
[EndTime "8:58:53 PDT"]
[Termination "Cheer_Down won on time"]

1. e4 c5 2. Nf3 Nc6 3. Bb5 e6 4.
Bxc6 bxc6 5. b3 f6 6. Bb2 Nh6 7.
O-O Be7 8. c3 O-O 9. d4 cxd4 10.
cxd4 d5 11. Nbd2 Bb7 12. Re1 c5 13. dxc5 Bxc5 14. Rc1 Rc8 15. Nd4 Qd7 16. Rxc5 Rxc5 17. Ba3 Rfc8 18. Bxc5 Rxc5 19. e5 f5 20. N2f3 Nf7 21.
Qd2 Qc8 22. h3 Bc6 23. Rc1 Bd7 24. Rxc5 Qxc5 25. Qc2 Qxc2 26. Nxc2 Bb5 27. Ncd4 Bd7 28. h4 g6 29. b4 h6 30. b5 g5 31. hxg5 hxg5 32. Nc6 a6 33. a4 axb5 34. axb5 g4 35. Nfd4 Kf8 36. f4 gxf3 37. gxf3 Ke8 38. f4 Nd8 39.
Na5 Bc8 40. Kf2 Kd7 41. Kg3 Nb7 42. Nac6 Nc5 43. Kh4 Bb7 44. Kh5 Bxc6 45. bxc6+ Ke7 46.
Kg6 Na6 47. Nb5 d4 48. Nxd4 Nb4 49. c7 Kd7 50. Nxe6 Nd5 51. Kxf5 Ne7+ 52. Kf6 Nd5+ 53. Kf7 Nxf4 54. Nxf4 Kxc7 55. e6 1-0

[Event "Early-Titled-Tuesday-Blitz-September-26-2023"]
[Site "Chess.com"]
[Date "2023.09.26"]
[Round "5"]
[White "AndrewB92"]
[Black "bennyficial"]
[Result "1-0"]
[WhiteElo "2373"]
[BlackElo "2138"]
[TimeControl "180+1"]
[EndTime "8:58:54 PDT"]
[Termination "AndrewB92 won on time"]

1. d4 Nf6 2. Nf3 d5 3. Bf4 e6 4.
e3 Bd6 5. Nbd2 O-O 6. Bd3 c5 7. c3 cxd4 8. Bxd6 Qxd6 9. exd4 b6 10. Qe2 a5 11. O-O Ba6 12. Bxa6 Nxa6 13. a4 Nc7 14. Ne5 Rfb8 15. g4 b5 16. axb5 Nxb5 17. Ra2 Qc7 18. Rfa1 Nd6 19. g5 Nfe4 20. Nxe4 Nxe4 21. h4 f6 22.
gxf6 gxf6 23. Nd3 Kf7 24. Qh5+ Kg7 25. Kf1 Qc4 26. Ke2 a4 27. Qg4+ Kf7 28. f3 Nd6 29. Qh5+ Kg7 30. Kd2 Rg8 31. Nf4 Qc8 32. Rg1+ Kh8 33.
Ng6+ Rxg6 34. Rxg6 Nc4+ 35. Kc1 Qf8 36. Rg2 a3 37. b3 Ne3 38. f4 Nxg2 39. Rxg2 a2 40.
Rxa2 Rxa2 41. b4 Ra8 42. Qg4 Rc8 43. Qxe6 Rd8 44. Qb6 Qe8 45. Qxf6+ Kg8 46. Qg5+ Kh8 47. f5 Qf8 48. f6 Rc8 49. Qe5 Rc6 50. f7+ 1-0

[Event "Early-Titled-Tuesday-Blitz-September-26-2023"]
[Site "Chess.com"]
[Date "2023.09.26"]
[Round "5"]
[White "PavelChernomordik"]
[Black "Aygehovit1992"]
[Result "0-1"]
[WhiteElo "2497"]
[BlackElo "2706"]
[TimeControl "180+1"]
[EndTime "8:58:55 PDT"]
[Termination "Aygehovit1992 won on time"]

1. e4 c5 2. Nc3 Nc6 3. Bb5 Nd4 4. Bc4 g6 5. Nge2 Bg7 6. Nxd4 cxd4 7. Qf3 Nf6 8. Nb5 O-O 9. Nxd4 Ng4 10. c3 Ne5 11.
Qe2 Nxc4 12. Qxc4 b6 13. O-O Bb7 14. d3 Rc8 15. Qb3 d5 16. Re1 e5 17. Nf3 h6 18. Qc2 f5 19. exf5 Rxf5 20. Qe2 d4 21. cxd4 Bxf3 22. gxf3 Qxd4 23. Be3 Qd5 24. Rac1 Rcf8 25.
Qc2 Qxf3 26. Qc6 Qh5 27. Qd5+ Kh8 28. Rc7 e4 29. Qd7 R5f7 30. Qxf7 Rxf7 31. Rxf7 exd3 32. Rc1 Qg4+ 33. Kf1 h5 34. Rcc7 Qd1+ 35. Kg2 Qg4+ 36. Kf1 Be5 37. Rh7+ Kg8 38. Bh6 Bxc7 39. Rg7+ Kh8 40.
Rxc7 Qd1+ 41. Kg2 Qg4+ 42. Kf1 Qe2+ 43. Kg2 d2 44. Bxd2 Qxd2 0-1

[Event "Early-Titled-Tuesday-Blitz-September-26-2023"]
[Site "Chess.com"]
[Date "2023.09.26"]
[Round "5"]
[White "Artemiki"]
[Black "levallem"]
[Result "0-1"]
[WhiteElo "2200"]
[BlackElo "2380"]
[TimeControl "180+1"]
[EndTime "8:58:57 PDT"]
[Termination "levallem won on time"]

1. e4 c5 2. Nf3 g6 3. d4 cxd4 4. Nxd4 Nc6 5. c4 Nf6 6. Nc3 Nxd4 7. Qxd4 d6 8. Be3 Bg7 9. f3 O-O 10. Qd2 a5 11. Na4 Be6 12. Be2 Nd7 13. O-O Qc7 14.
Rac1 Rfc8 15. b3 f5 16. exf5 Bxf5 17. Bd3 Be6 18. Be4 Ra6 19. Bg5 Nf6 20. Bxf6 Bxf6 21.
Bd5 Qd7 22. Rfe1 Bf7 23. Bxf7+ Kxf7 24. Qd3 Kg7 25. Re2 Rac6 26. Rce1 R8c7 27. Nc3 Qf5 28. Qxf5 gxf5 29. Nd5 Rd7 30. Nxe7 Rc5 31. Nd5 Bd4+ 32. Kf1 b5 33. Re7+ Rxe7 34. Rxe7+ Kg6 35. Re6+ Kf7 36.
Rxd6 bxc4 37. bxc4 Rxc4 38. Ra6 a4 39. g4 fxg4 40.
fxg4 Be5 41. h3 Rc1+ 42. Ke2 Rc2+ 43. Kd3 Rxa2 44. Ke4 Bb2 45. Kf5 Ra1 46. Ra7+ Ke8 47. Rxh7 a3 48. Rb7 Rf1+ 49. Ke6 Re1+ 50. Kd6 Be5+ 51.
Kc6 a2 52. Nf6+ Bxf6 0-1

[Event "Early-Titled-Tuesday-Blitz-September-26-2023"]
[Site "Chess.com"]
[Date "2023.09.26"]
[Round "5"]
[White "baki83"]
[Black "blitzo_vich"]
[Result "0-1"]
[WhiteElo "2816"]
[BlackElo "2638"]
[TimeControl "180+1"]
[EndTime "8:59:01 PDT"]
[Termination "blitzo_vich won by resignation"]

1. Nf3 Nf6 2. g3 b5 3. Bg2 Bb7 4. a4 a6 5. O-O e6 6. d3 c5 7. e4 d6 8. Ng5 h6 9. Nh3 Nbd7 10. Nc3 b4 11. Ne2 Be7 12. f4 O-O 13. f5 e5 14. g4 Nxg4 15. Ng3 Ngf6 16. Kh1 c4 17. Rg1 b3 18. dxc4 bxc2 19. Qxc2 Rc8 20.
b3 Qb6 21. a5 Qa7 22. Nf2 Kh8 23. Bf3 d5 24. exd5 Nxd5 25. Nfe4 N5f6 26. Qg2 Nc5 27. Be3 Qa8 28. Nd2 Bxf3 29. Nxf3 Nxb3 30. Rab1 Nxa5 31.
Ne4 Rg8 32. Nfd2 Nxc4 33. Nxc4 Rxc4 34. Nd2 Qxg2+ 35. Rxg2 Rc6 36. Rb7 Nd5 37. Rd7 Nxe3 38. Rxe7 Nxg2 39. Kxg2 Rc2 40. Rd7 a5 41. Kf3 Ra8 42.
Ne4 a4 43. f6 Rc4 44. Rxf7 Rxe4 45. Kxe4 gxf6 46. Rxf6 a3 47. Rxh6+ Kg7 48. Rc6 a2 49. Rc7+ Kf6 50. Ra7 Rxa7 51. h4 a1=Q 52. h5 Qh1+ 0-1